 Dungeon Crawl Stone Soup version 0.31-a0-408-gb642c7f9a3 (webtiles) character file.

Game seed: 366313132482814972

8356 floatRand the Grappler (level 11, -3/92 HPs)
             Began as a Green Draconian Shapeshifter on July 30, 2023.
             Was an Elder of Wu Jian.
             Slain by a two-headed ogre
             ... wielding a +0 giant club
              (12 damage)
             ... on level 10 of the Dungeon.
             The game lasted 00:12:23 (9551 turns).

floatRand the Grappler (DrSh)                       Turns: 9551, Time: 00:12:23

Health: -3/92      AC:  9    Str: 29    XL:     11   Next: 8%
Magic:  11/11      EV: 10    Int:  8    God:    Wu Jian [****..]
Gold:   713        SH:  5    Dex: 16    Spells: 10/10 levels left

rFire   . .          .
                       - Unarmed
rCold   . . .        (shield currently unavailable)
rNeg    . . .        (body armour unavailable)
rPois   .            (helmet currently unavailable)
rElec   .            (cloak currently unavailable)
rCorr   .            (gloves currently unavailable)
SInv    .            (boots currently unavailable)
Will    .....        n - amulet of reflection
Stlth   +            r - +6 ring of strength
HPRegen 0.35/turn    E - ring of wizardry
MPRegen 0.12/turn

%: reflection, wizardry (x1)
@: snake-form, slowed, very slow
A: constrict, boosted hp, (breathe noxious fumes), AC +7, large, unfitting
armour, (poison resistance), (cold-blooded)
a: Begin Untransformation, Renounce Religion, Wall Jump, Serpent's Lash


You were on level 10 of the Dungeon.
You worshipped Wu Jian.
Wu Jian was greatly pleased with you.
You were an enormous anaconda.
You visited 2 branches of the dungeon, and saw 11 of its levels.

You collected 713 gold pieces.

Inventory:

Missiles
 k - 4 atropa-tipped darts
 l - 5 curare-tipped darts
 w - 4 throwing nets
Armour
 d - a scarf of invisibility
 g - a +2 cloak
Jewellery
 i - a ring of ice
 n - an amulet of reflection (around neck)
 r - a +6 ring of strength (left hand)
 E - a ring of wizardry (right hand)
 G - a ring of magical power
 M - a ring of see invisible
Talismans
 b - a beast talisman
 f - a talisman of death
 h - a maw talisman
 m - a dragon-blood talisman
 Q - a serpent talisman
Wands
 o - a wand of polymorph (11)
 v - a wand of charming (12)
 C - a wand of iceblast (31)
 F - a wand of mindburst (24)
 P - a wand of acid (5)
Scrolls
 c - 3 scrolls of teleportation
 e - a scroll of vulnerability {unknown}
 y - 2 scrolls of fog
 B - 2 scrolls of immolation
 I - 3 scrolls of enchant weapon
 J - a scroll of enchant armour
 K - a scroll of poison
 L - a scroll of fear
Potions
 a - 3 potions of lignification
 j - a potion of invisibility
 p - 3 potions of haste
 q - a potion of attraction
 s - 3 potions of brilliance
 t - a potion of berserk rage
 u - a potion of mutation {unknown}
 x - a potion of heal wounds {unknown}
 z - a potion of enlightenment {unknown}
 A - a potion of might {unknown}
 D - 2 potions of curing {unknown}
 H - a potion of magic {unknown}
 N - a potion of resistance {unknown}
 O - a potion of cancellation {unknown}


   Skills:
 - Level 1.1 Fighting
 - Level 1.7 Dodging
 * Level 14.2 Unarmed Combat
 + Level 9.0 Shapeshifting


You had 10 spell levels left.
You didn't know any spells.
Your spell library contained the following spells:

 Spells                   Type           Power      Damage    Failure   Level
 Freeze                   Ice            0%         1d3       17%         1
 Sting                    Tmut/Pois      0%         1d3       17%         1
 Ensorcelled Hibernation  Hex/Ice        0%         N/A       26%         2
 Passwall                 Tmut/Erth      0%         N/A       26%         2
 Poisonous Vapours        Pois/Air       0%         N/A       26%         2
 Frozen Ramparts          Ice            0%         1d1       45%         3
 Hailstorm                Conj/Ice       0%         3d3       45%         3
 Inner Flame              Hex/Fire       0%         N/A       45%         3
 Portal Projectile        Hex/Tloc       0%         N/A       45%         3
 Stone Arrow              Conj/Erth      0%         3d7       45%         3
 Swiftness                Air            0%         N/A       45%         3
 Tukima's Dance           Hex            0%         N/A       45%         3
 Vhi's Electric Charge    Tloc/Air       0%         N/A       45%         3
 Anguish                  Hex/Necr       0%         N/A       83%         4
 Iskenderun's Mystic Bla  Conj/Tloc      0%         2d3       83%         4
 Olgreb's Toxic Radiance  Pois           0%         N/A       83%         4
 Arcjolt                  Conj/Air       0%         1d10      99%         5
 Yara's Violent Unravell  Hex/Tmut       0%         3d3       99%         5
 Enfeeble                 Hex            0%         N/A       100%        7
 Lehudib's Crystal Spear  Conj/Erth      0%         10d2      100%        8
 Maxwell's Capacitive Co  Air            0%         ∞         100%        8
 Animate Armour           Summ/Erth      Unusable   N/A       N/A         4

Dungeon Overview and Level Annotations

Branches:
Dungeon (10/15)            Temple (1/1) D:5             Orc (0/2) D:9
   Lair: D:8-11

Altars:
Ashenzari
Cheibriados
Dithmenos
Elyvilon
Fedhas
Gozag
Hepliaklqana
Kikubaaqudgha
Makhleb
Nemelex Xobeh
Okawaru
Qazlal
Ru
Sif Muna
Trog
Uskayaw
Vehumet
Wu Jian
Xom
Yredelemnul
Zin
The Shining One

Shops:
D:7 :

Annotations:
D:2 1 runed translucent door, Crazy Yiuf
D:8 4 runed translucent doors
D:10 Josephine


Innate Abilities, Weirdness & Mutations

You are an enormous anaconda.
You have a powerful constriction melee attack.
Your maximum health is increased.
Your armour is entirely melded.
You are incapable of wielding weapons or throwing items.
((You can breathe blasts of noxious fumes.))
((Your lurid green scales are hard. (AC +7)))
You cannot fit into any form of body armour.
((Your system is resistant to poisons. (rPois)))
((You are cold-blooded and may be slowed by cold attacks.))


Message History

You kill the centaur!
The Council accepts your kill.
No target in view!
You see here a +0 shortbow.
Found a pink potion.
Josephine the Decaying Necromancer comes into view.
She is wielding a +0 dagger.
Josephine shouts!
A two-headed ogre comes into view. It is wielding two +0 giant clubs.
A wraith comes into view.
You see here a pink potion. 2 wraiths come into view.
The two-headed ogre shouts in stereo!
A wraith comes into view.
You lunge at Josephine.
You body-slam Josephine!!
Your grab misses Josephine.
Josephine is moderately wounded.
Josephine hits you with a +0 dagger.
You lash Josephine! Your grab misses Josephine.
Josephine is heavily wounded.
Josephine hits you but does no damage. The wraith hits you!
The wraith drains your vigour!
You feel yourself slow down.
Unknown command.
Unknown command.
You barely miss Josephine. Your grab misses Josephine.
Josephine is heavily wounded.
The two-headed ogre hits you with a +0 giant club!
The two-headed ogre hits you with a +0 giant club!!
The wraith barely misses you. Josephine hits you with a +0 dagger.
The wraith hits you. The wraith drains your vigour!
You feel as though you will be slow longer.
You body-slam Josephine!!
You grab Josephine.
Josephine is almost dead.
You constrict Josephine. Josephine draws life force from you!
* * * LOW HITPOINT WARNING * * *
Josephine is healed by the life force!
The wraith hits you!
* * * LOW HITPOINT WARNING * * *
The wraith drains your vigour!
You feel as though you will be slow longer.
The wraith misses you. You block the two-headed ogre's attack.
The two-headed ogre hits you with a +0 giant club!
You die...

#P.P.P#
#......##...#...####...#
..P...#
#..P......####....##....
...PP.# #.P.PP.....#
##...)...#.
P.P.PP......## ##......#.
...P.........##.....#..#.
P.P..........##.....#..#
...........!.....#..#..#
.................#..####
.......OS.....#..#..#
.......W@W....#..####
......WW.....# #
.............#
.............#
........#....#
........#....#
.......##.....


You could see Josephine, a two-headed ogre and 4 wraiths.

Vanquished Creatures
  2 two-headed ogres
  2 trolls (D:9)
  A hornet (D:8)
  Grinder (D:6)
  Prince Ribbit (D:6)
  A wyvern (D:7)
  Eustachio (D:6)
  A wraith (D:8)
  A water moccasin (D:7)
  Duvessa (D:7)
  3 black bears
  9 orc warriors
  An ice beast (D:7)
  An ogre (D:9)
  5 centaurs
  3 phantoms
  4 kobold brigands (D:9)
  5 bullfrogs
  4 scorpions
  2 gnoll sergeants (D:9)
  8 wights
  Dowan (D:7)
  15 killer bees
  4 howler monkeys
  10 orc priests
  4 hounds
  2 gnoll boudas
  2 jellies
  8 iguanas
  17 orc wizards
  7 gnolls
  5 adders
  A white imp (D:8)
  An ufetubus (D:6)
  3 dart slugs
  2 worms
  45 orcs
  3 bats
  4 endoplasms
  6 giant cockroaches
  6 goblins
  5 hobgoblins
  4 quokkas
  9 ball pythons
  8 frilled lizards
  13 kobolds
  3 rats
245 creatures vanquished.

Notes
Turn   | Place    | Note
-------+----------+-------------------------------------------
     0 | D:1      | floatRand the Draconian Shapeshifter began the quest for
                  | the Orb.
     0 | D:1      | Reached XP level 1. HP: 16/16 MP: 1/1
   262 | D:1      | Reached XP level 2. HP: 23/23 MP: 2/2
   685 | D:2      | Found a runed translucent door.
   686 | D:2      | Noticed Crazy Yiuf
   887 | D:2      | Found a faded altar of an unknown god.
  1070 | D:2      | Reached XP level 3. HP: 28/28 MP: 3/3
  1341 | D:2      | Reached skill level 4 in Unarmed Combat
  1865 | D:3      | Reached XP level 4. HP: 29/35 MP: 4/4
  2187 | D:4      | Identified the +0 plate armour of the Fiend {+Blink rC+}
  2203 | D:4      | Noticed a scorpion
  2208 | D:4      | Noticed a phantom
  2212 | D:4      | Killed a scorpion
  2213 | D:4      | Reached skill level 5 in Unarmed Combat
  2213 | D:4      | Reached XP level 5. HP: 38/40 MP: 5/5
  2219 | D:4      | Killed a phantom
  2265 | D:4      | Identified the +3 ring mail "Zufy" {Rampage rElec}
  2350 | D:4      | Reached XP level 6. HP: 47/47 MP: 6/6
  2358 | D:4      | Reached skill level 6 in Unarmed Combat
  3073 | D:5      | Entered Level 5 of the Dungeon
  3073 | D:5      | Found a staircase to the Ecumenical Temple.
  3085 | D:5      | Your scales start taking on a lurid green colour.
  3085 | D:5      | Reached XP level 7. HP: 25/52 MP: 7/7
  3085 | D:5      | Gained mutation: Your system is resistant to poisons.
                  | (rPois) [Green Draconian growth]
  3193 | Temple   | Entered the Ecumenical Temple
  3227 | Temple   | Became a worshipper of the Wu Jian Council
  3488 | D:4      | Reached skill level 7 in Unarmed Combat
  3747 | D:5      | Reached skill level 5 in Shapeshifting
  3954 | D:6      | Noticed Eustachio
  3965 | D:6      | Killed Eustachio
  3966 | D:6      | Reached skill level 8 in Unarmed Combat
  4011 | D:6      | Reached XP level 8. HP: 21/59 MP: 8/8
  4151 | D:6      | Noticed Prince Ribbit
  4165 | D:6      | Killed Prince Ribbit
  4308 | D:6      | Noticed Grinder
  4324 | D:6      | Killed Grinder
  4325 | D:6      | Reached skill level 9 in Unarmed Combat
  4332 | D:6      | Reached * piety under Wu Jian
  5024 | D:7      | HP: 2/59 [orc warrior/+0 long sword (6)]
  5233 | D:7      | Noticed Dowan
  5313 | D:7      | Reached skill level 10 in Unarmed Combat
  5313 | D:7      | Reached XP level 9. HP: 63/64 MP: 9/9
  5392 | D:7      | Found Noafi Meo's Book Shop.
  5639 | D:7      | Reached ** piety under Wu Jian
  5891 | D:7      | Reached skill level 11 in Unarmed Combat
  6200 | D:7      | Noticed Duvessa
  6231 | D:7      | Killed Duvessa
  6236 | D:7      | Killed Dowan
  6962 | D:8      | Reached skill level 12 in Unarmed Combat
  7029 | D:8      | Reached XP level 10. HP: 61/71 MP: 10/10
  7314 | D:8      | Found a large runed translucent door.
  7314 | D:8      | Found a large runed translucent door.
  7316 | D:8      | Noticed a death knight
  7316 | D:8      | Noticed a purple ugly thing
  7502 | D:8      | Reached *** piety under Wu Jian
  7574 | D:8      | Found a large runed translucent door.
  7575 | D:8      | Found a large runed translucent door.
  7580 | D:8      | Noticed a two-headed ogre
  7588 | D:8      | Killed a two-headed ogre
  7596 | D:8      | Reached skill level 13 in Unarmed Combat
  8325 | D:9      | Found a staircase to the Orcish Mines.
  8839 | D:9      | Noticed a two-headed ogre
  8844 | D:9      | Killed a two-headed ogre
  8844 | D:9      | Reached **** piety under Wu Jian
  8877 | D:9      | Reached skill level 14 in Unarmed Combat
  8877 | D:9      | Reached XP level 11. HP: 56/77 MP: 11/11
  9155 | D:10     | Entered Level 10 of the Dungeon
  9260 | D:10     | Found a glowing golden altar of the Shining One.
  9544 | D:10     | Noticed Josephine
  9544 | D:10     | Noticed a two-headed ogre
  9551 | D:10     | Slain by a two-headed ogre

Illustrated notes

Levels and vault maps discovered:
D:1:      dpeg_arrival_prison, layout_rooms, minmay_misc_feat_ornament
D:2:      layout_loops_corners, basic_ecumenical_altar, uniq_crazy_yiuf_cottage
D:3:      layout_basic
D:4:      layout_loops_cross, dreamdust_mushroom_princess, kennysheep_diamond,
          minmay_pentangle
D:5:      layout_rooms, minmay_temple_entry_grid, hangedman_decor_riveting
D:6:      layout_cave_pods, minmay_lizard_king, uniq_eustachio,
          uniq_prince_ribbit1, uniq_grinder
D:7:      layout_loops_cross, serial_shops, nicolae_shop_rolling_square,
          nicolae_titane, uniq_duvessa
D:8:      layout_loops_ring, minivault_10, minmay_hollow_rounded_squares
D:9:      layout_basic, kennysheep_orc_monster_closet_entryway
D:10:     layout_layer_cave, lemuel_round_altar, grunt_lair_entry_orc_guard_hut,
          enter_bailey_3, serial_shops, nicolae_shop_window_shopping,
          hangedman_abyss_or_decor_stagger, uniq_josephine
Temple:   compressed_dpeg_triangle_lava_temple

Skill      XL: |  1  2  3  4  5  6  7  8  9 10 11 |
---------------+----------------------------------+-----
Unarmed Combat | 4 5 6 8 10 12 14 | 14.2
Shapeshifting  | 4 5 6 7 8 9 |  9.0
Fighting       | |  1.1
Dodging        | |  1.7

Action                     |  1- 3 |  4- 6 |  7- 9 | 10-12 || total
---------------------------+-------+-------+-------+-------++-------
  Melee: Unarmed           |   111 |   100 |   264 |   161 ||   636
         Tailslap          |    13 |    11 |    32 |    19 ||    75
         Punch             |     5 |     2 |    14 |    12 ||    33
         Constrict         |       |       |       |     6 ||     6
Ability: Lunge             |       |       |    32 |    21 ||    53
         Breathe Noxious F |       |       |    10 |     7 ||    17
         Whirlwind         |       |       |     7 |     5 ||    12
    Use: Scroll            |       |       |    17 |     3 ||    20
         Potion            |       |       |     1 |       ||     1
   Stab: Sleeping          |     3 |       |       |       ||     3
         Confused          |       |       |     7 |     6 ||    13
         Distracted        |       |       |     1 |       ||     1
 Armour: Skin              |    28 |    15 |    57 |    34 ||   134
  Dodge: Dodged            |    90 |    42 |   106 |    61 ||   299
  Block: Other             |     4 |    18 |    40 |    18 ||    80
         Reflection        |       |       |       |     1 ||     1
   Form: Anaconda          |       |       |       |     1 ||     1

Table legend: (Time is in decaauts)
 A = Elapsed time spent in this place.
 B = Non-inter-level travel time spent in this place.
 C = Inter-level travel time spent in this place.
 D = Time resting spent in this place.
 E = Time spent auto-exploring this place.
 F = Levels seen in this place.
 G = Mean time per level.
                   A        B        C        D        E       F      G
               +--------+--------+--------+--------+--------+-----+--------+
         Total |   9466 |   9259 |    207 |   1665 |   5500 |  11 |  860.5 |
       Dungeon |   9413 |   9206 |    207 |   1665 |   5500 |  10 |  941.3 |
        Temple |     53 |     53 |      0 |      0 |      0 |   1 |   53.0 |
               +--------+--------+--------+--------+--------+-----+--------+

Top non-repeatable levels by time:
     D:7: 1496 daAuts
     D:8: 1419 daAuts
     D:6: 1305 daAuts
     D:4: 1121 daAuts
     D:9: 967 daAuts
     D:2: 963 daAuts
     D:1: 631 daAuts
     D:5: 574 daAuts
     D:3: 543 daAuts
    D:10: 390 daAuts
  Temple: 53 daAuts
